 Dungeon Crawl Stone Soup version 0.31-a0-765-g67fe293 (webtiles) character file.

Game seed: 17513788958722570152

31579 BarneyGumball the Basher (level 13, -9/84 HPs)
             Began as a Gargoyle Fighter on Sept 16, 2023.
             Was a High Priest of Zin.
             Mangled by a skeletal warrior
             ... wielding a +0 halberd
              (15 damage)
             ... on level 12 of the Dungeon.
             The game lasted 00:47:38 (10501 turns).

BarneyGumball the Basher (Gargoyle Fighter)        Turns: 10501, Time: 00:47:39

Health: -9/84      AC: 39    Str: 32    XL:     13   Next: 59%
Magic:  29/29      EV:  9    Int: 11    God:    Zin [*****.]
Gold:   607        SH:  0    Dex: 17    Spells: 12/12 levels left

rFire   . . .        r - +2 dire flail (freeze)
rCold   . . .        (shield currently unavailable)
rNeg    + . .        E - +11 chain mail of Negation {+Inv MP+9 Dex+2}
rPois   ∞            j - +1 helmet of the Noxious God {Rampage Int+3}
rElec   +            y - +0 cloak
rCorr   .            (no gloves)
SInv    .            e - +1 pair of boots
Will    .....        B - amulet of the acrobat Stlth
                     h - +6 ring of dexterity
HPRegen 0.34/turn    J - +6 ring of strength
MPRegen 0.21/turn

%: acrobat, rampage
@: on berserk cooldown, slowed, very slow
A: sickness immunity, AC +9, negative energy resistance 1, electricity
resistance, torment resistance 1, petrification resistance
a: Renounce Religion, Evoke Invisibility, Recite, Vitalisation, Imprison,
Sanctuary, Donate Gold


You were on level 12 of the Dungeon.
You worshipped Zin.
Zin was extremely pleased with you.
You visited 2 branches of the dungeon, and saw 13 of its levels.
You also visited: Ossuary and Bailey.

You collected 834 gold pieces.
You spent 144 gold pieces at shops.
You donated 83 gold pieces to Zin.

Inventory:

Hand Weapons
 r - a +2 dire flail of freezing (weapon)
Missiles
 f - a throwing net
 z - 72 poisoned darts
 C - 19 boomerangs (quivered)
 O - 3 curare-tipped darts
 P - 4 silver javelins
Armour
 c - a +0 buckler
 e - a +1 pair of boots (worn)
 j - the +1 helmet of the Noxious God (worn) {Rampage Int+3}
   (You took it off Robin on level 2 of the Dungeon)

   Int+3:     It affects your intelligence (+3).
   Rampage:   It bestows one free step when moving towards enemies.
 p - the +0 ring mail of Pathos {rC+ Regen+ Str+2}
   (You found it on level 3 of the Dungeon)

   Str+2:     It affects your strength (+2).
   rC+:       It protects you from cold.
   Regen+:    It increases your rate of health regeneration.
 y - a +0 cloak (worn)
 E - the +11 chain mail of Negation (worn) {+Inv MP+9 Dex+2}
   (You took it off a wight on level 7 of the Dungeon)

   Dex+2:     It affects your dexterity (+2).
   MP+9:      It affects your magic capacity (+9).
   +Inv:      It lets you turn invisible.
 K - a +2 kite shield
Jewellery
 d - a ring of willpower
 h - a +6 ring of dexterity (left hand)
 B - an amulet of the acrobat (around neck)
 J - a +6 ring of strength (right hand)
 T - an amulet of faith
Wands
 m - a wand of flame (40)
 A - a wand of acid (11)
 D - a wand of mindburst (8)
 Q - a wand of iceblast (4)
 R - a wand of paralysis (6)
 U - a wand of digging (6)
Scrolls
 g - a scroll of torment {unknown}
 i - 2 scrolls of noise {unknown}
 l - 2 scrolls of blinking
 o - 4 scrolls of amnesia {unknown}
 s - 9 scrolls of fog
 t - a scroll of brand weapon {unknown}
 u - a scroll of enchant weapon {unknown}
 v - 2 scrolls of vulnerability {unknown}
 w - 4 scrolls of immolation
 x - 3 scrolls of teleportation {unknown}
 G - 2 scrolls of revelation {unknown}
 L - a scroll of fear {unknown}
 M - a scroll of poison {unknown}
 S - a scroll of identify
Potions
 a - a potion of attraction
 b - a potion of berserk rage
 k - 9 potions of curing
 n - a potion of cancellation
 q - 2 potions of brilliance
 F - 5 potions of heal wounds
 H - 4 potions of haste
 I - 3 potions of might
 N - a potion of enlightenment


   Skills:
 + Level 11.0 Fighting
 - Level 14.2 Maces & Flails
 - Level 4.6 Throwing
 + Level 11.0 Armour
 + Level 5.1 Shields
 - Level 10.0 Invocations
 - Level 4.0 Evocations


You had 12 spell levels left.
You didn't know any spells.
Your spell library contained the following spells:

 Spells                   Type           Power      Damage    Failure   Level
 Necrotise                Necr           0%         1d4       71%         1
 Sandblast                Erth           0%         2d4       71%         1
 Blink                    Tloc           0%         N/A       85%         2
 Lesser Beckoning         Tloc           0%         N/A       85%         2
 Momentum Strike          Conj/Tloc      0%         3d8       85%         2
 Passwall                 Tmut/Erth      0%         N/A       85%         2
 Static Discharge         Conj/Air       0%         2-2/arc   85%         2
 Dazzling Flash           Conj/Hex       0%         N/A       97%         3
 Gell's Gravitas          Tloc           0%         N/A       97%         3
 Stone Arrow              Conj/Erth      0%         3d7       97%         3
 Teleport Other           Tloc           0%         N/A       97%         3
 Tukima's Dance           Hex            0%         N/A       97%         3
 Vampiric Draining        Necr           0%         2d6       97%         3
 Volatile Blastmotes      Fire/Tloc      0%         2d10      97%         3
 Airstrike                Air            0%         2d(0-16)  100%        4
 Dimensional Bullseye     Hex/Tloc       0%         N/A       100%        4
 Iskenderun's Mystic Bla  Conj/Tloc      0%         2d3       100%        4
 Summon Lightning Spire   Summ/Air       0%         N/A       100%        4
 Agony                    Necr           0%         N/A       100%        5
 Starburst                Conj/Fire      0%         6d3       100%        6
 Maxwell's Capacitive Co  Air            0%         ∞         100%        8


Dungeon Overview and Level Annotations

Branches:
Dungeon (12/15)            Temple (1/1) D:5            Lair (0/5) D:8
Ossuary (visited)          Bailey (visited)
    Orc: D:9-12

Altars:
Ashenzari
Cheibriados
Dithmenos
Elyvilon
Fedhas
Gozag
Hepliaklqana
Kikubaaqudgha
Makhleb
Nemelex Xobeh
Okawaru
Qazlal
Ru
Sif Muna
Trog
Uskayaw
Vehumet
Wu Jian
Xom
Yredelemnul
Zin
The Shining One

Shops:
D:2 =   D:7 *

Annotations:
D:2 1 runed translucent door, exclusion: door, Crazy Yiuf
D:3 3 runed translucent doors, exclusion: 3 doors, deathcow's ghost, weakling BaHu
D:10 3 runed translucent doors, 4 transporters, exclusion: 3 doors, Caterwaul's ghost, novice DsSh


Innate Abilities, Weirdness & Mutations

You are immune to sickness and miasma.
Your stone body is resilient. (AC +9)
You are immune to poison.
You resist negative energy. (rN+)
You are resistant to electric shocks. (rElec)
You are resistant to unholy torment.
You are immune to petrification.


Message History

* * * LOW HITPOINT WARNING * * *
You impale the skeletal warrior!! You freeze the skeletal warrior.
The skeletal warrior is heavily damaged.
You completely miss the skeletal warrior.
The skeletal warrior is heavily damaged.
The skeletal warrior hits you but does no damage.
You puncture the skeletal warrior! You freeze the skeletal warrior.
The skeletal warrior is severely damaged.
The skeletal warrior hits you but does no damage.
You hit the skeletal warrior but do no damage.
The skeletal warrior is severely damaged.
You puncture the skeletal warrior! You freeze the skeletal warrior.
The skeletal warrior is almost destroyed.
The skeletal warrior hits you but does no damage.
The skeletal warrior hits you with a +0 scimitar!
* * * LOW HITPOINT WARNING * * *
You puncture the skeletal warrior! You freeze the skeletal warrior.
You destroy the skeletal warrior!
Zin accepts your kill.
Your Fighting skill increases to level 11!
Your Armour skill increases to level 11!
Your Shields skill increases to level 5!
The skeletal warrior misses you.
Things that are here:
a +0 scimitar; a +0 scimitar You hit the skeletal warrior.
The skeletal warrior is lightly damaged.
You barely miss the skeletal warrior.
The skeletal warrior is lightly damaged.
The skeletal warrior misses you.
You hit the skeletal warrior. You freeze the skeletal warrior.
The skeletal warrior is lightly damaged.
You are no longer berserk.
You are exhausted.
You feel yourself slow down.
Activating: Sanctuary (17% risk of failure)
Press: ? - help, Dir - look around, f - activate You fail to use your ability.
The skeletal warrior barely misses you.
The skeletal warrior hits you with a +0 halberd!
You die...

#.....#
#.....#
#....[#
#.....#
#.....#####
#.........#
#.........#
#.)....+
#@)....#
#.z....#
#....?.#
#..[...#
''......+
........#
.(.##.....
....# ####.
###


You could see a skeletal warrior (corona).

Vanquished Creatures
  An orc warlord (Bailey)
  A hydra (D:9)
  4 two-headed ogres
  A boulder beetle (D:11)
  Urug (D:10)
  4 skeletal warriors (D:12)
  Pikel (D:7)
  An elephant (D:8)
  Joseph (D:7)
  A kobold demonologist (D:11)
  7 trolls
  Prince Ribbit (D:6)
  3 slime creatures (D:12)
  A wraith (D:11)
  2 shadows (D:11)
  A vampire (D:11)
  8 yaks (D:9)
  2 steam dragons
  A wyvern (D:8)
  2 basilisks (D:8)
  6 vampire mosquitoes
  An acid dragon (D:12)
  3 ice beasts
  3 sky beasts
  9 orc warriors
  A centaur (D:7)
  An ogre (D:7)
  2 black bears
  2 lemures (D:7)
  A phantom (D:6)
  Blork the orc (D:5)
  An elf zombie (Ossuary)
  6 bullfrogs
  12 kobold brigands
  5 gnoll sergeants
  A scorpion (D:6)
  6 wights
  17 killer bees
  6 howler monkeys
  7 hounds
  2 jellies
  7 orc priests
  A gnoll bouda (D:7)
  A sleepcap (D:6)
  An iguana (D:5)
  6 orc wizards
  Terence (D:2)
  A hound zombie (Ossuary)
  4 mummies (Ossuary)
  Robin (D:2)
  28 gnolls
  2 adders
  A shadow imp (D:6)
  2 white imps (D:7)
  An adder zombie (Ossuary)
  2 worms
  4 dart slugs
  31 orcs
  6 endoplasms
  3 giant cockroaches
  11 goblins
  10 hobgoblins
  5 jackals
  2 quokkas
  3 ball pythons
  5 bats
  A frilled lizard (D:3)
  A goblin zombie (Ossuary)
  3 hobgoblin zombies (Ossuary)
  29 kobolds
  2 kobold zombies (Ossuary)
  An orc zombie (Ossuary)
  2 rats
  2 rat zombies (Ossuary)
  A spectral kobold (D:10)
318 creatures vanquished.

Vanquished Creatures (others)
  A goblin (D:2)
  A hobgoblin (D:2)
2 creatures vanquished.

Grand Total: 320 creatures vanquished

Notes
Turn   | Place    | Note
-------+----------+-------------------------------------------
     0 | D:1      | BarneyGumball the Gargoyle Fighter began the quest for the
                  | Orb.
     0 | D:1      | Reached XP level 1. HP: 14/14 MP: 1/1
   556 | D:1      | Reached XP level 2. HP: 19/19 MP: 2/2
  1030 | D:2      | Noticed Terence
  1042 | D:2      | Killed Terence
  1043 | D:2      | Reached skill level 3 in Maces & Flails
  1043 | D:2      | Reached XP level 3. HP: 16/23 MP: 3/3
  1190 | D:2      | Identified the +1 helmet of the Noxious God {Rampage Int+3}
  1190 | D:2      | Noticed Robin
  1201 | D:2      | Killed Robin
  1202 | D:2      | Reached skill level 4 in Maces & Flails
  1202 | D:2      | Reached XP level 4. HP: 7/28 MP: 4/4
  1347 | D:2      | Found a runed translucent door.
  1348 | D:2      | Noticed Crazy Yiuf
  1822 | D:2      | Found Divy's Jewellery Boutique.
  1921 | D:3      | Reached skill level 5 in Maces & Flails
  1921 | D:3      | Reached XP level 5. HP: 22/32 MP: 5/5
  2350 | D:3      | Found a runed translucent gate.
  2351 | D:3      | Found a runed translucent gate.
  2352 | D:3      | Found a runed translucent gate.
  2354 | D:3      | Noticed deathcow's ghost (weakling BaHu)
  2421 | D:3      | Identified the +0 ring mail of Pathos {rC+ Regen+ Str+2}
  3405 | D:4      | Reached skill level 6 in Maces & Flails
  3579 | D:4      | Reached XP level 6. HP: 35/37 MP: 6/6
  3702 | D:5      | Entered Level 5 of the Dungeon
  3807 | D:5      | Noticed Blork the orc
  3817 | D:5      | Killed Blork the orc
  3818 | D:5      | Reached skill level 7 in Maces & Flails
  3818 | D:5      | Reached XP level 7. HP: 34/41 MP: 7/7
  3873 | D:5      | Found a staircase to the Ecumenical Temple.
  3883 | Temple   | Entered the Ecumenical Temple
  3888 | Temple   | Became a worshipper of Zin the Law-Giver
  3888 | Temple   | Reached * piety under Zin
  3965 | D:5      | Reached skill level 8 in Maces & Flails
  4077 | D:5      | Found a broken altar of Ashenzari.
  4499 | D:6      | Reached skill level 9 in Maces & Flails
  4499 | D:6      | Reached XP level 8. HP: 46/46 MP: 8/8
  4655 | D:6      | Reached ** piety under Zin
  4662 | D:6      | Reached skill level 10 in Maces & Flails
  4677 | D:6      | Noticed Prince Ribbit
  4707 | D:6      | Killed Prince Ribbit
  4708 | D:6      | Reached skill level 1 in Invocations
  4977 | D:6      | Reached XP level 9. HP: 51/52 MP: 9/11
  5241 | D:7      | Noticed Joseph
  5305 | D:7      | Found Con Ixa's Assorted Antiques.
  5333 | D:7      | Bought a cloak for 144 gold pieces
  5389 | D:7      | Reached skill level 5 in Fighting
  5389 | D:7      | Reached skill level 5 in Armour
  5468 | D:7      | Noticed Pikel
  5472 | D:7      | Killed Joseph
  5477 | D:7      | Killed Pikel
  5478 | D:7      | Reached skill level 11 in Maces & Flails
  5490 | D:7      | Noticed a troll
  5495 | D:7      | Killed a troll
  5513 | D:7      | Reached XP level 10. HP: 58/61 MP: 13/13
  5655 | D:7      | Identified the +11 chain mail of Negation {+Inv MP+9 Dex+2}
  5776 | D:7      | Reached *** piety under Zin
  5836 | D:7      | Found a flagged portal.
  5845 | Bailey   | Entered a bailey
  5855 | Bailey   | Noticed an orc warlord
  5955 | Bailey   | Reached skill level 1 in Throwing
  5971 | Bailey   | Found a runed translucent gate.
  5986 | Bailey   | Found a runed translucent gate.
  5988 | Bailey   | Found a runed translucent gate.
  6020 | Bailey   | Reached skill level 13 in Maces & Flails
  6020 | Bailey   | Reached XP level 11. HP: 67/67 MP: 17/17
  6086 | Bailey   | Killed an orc warlord
  6116 | Bailey   | Reached skill level 14 in Maces & Flails
  6116 | Bailey   | Reached XP level 12. HP: 73/75 MP: 18/18
  6380 | D:7      | Reached **** piety under Zin
  6615 | D:7      | Found a hide-covered altar of Uskayaw.
  6728 | D:8      | Found a sand-covered staircase.
  6732 | Ossuary  | Entered an ossuary
  7065 | D:8      | Reached skill level 1 in Evocations
  7147 | D:8      | Found a staircase to the Lair.
  7838 | D:9      | Noticed a two-headed ogre
  8031 | D:9      | Reached ***** piety under Zin
  8077 | D:9      | Noticed a four-headed hydra
  8095 | D:9      | Killed a four-headed hydra
  8107 | D:9      | Found the +1 robe of Vines {NoPotionHeal Regen++++}
  8215 | D:9      | Killed a two-headed ogre
  8304 | D:9      | Reached XP level 13. HP: 77/80 MP: 20/20
  8444 | D:9      | Found an iron altar of Okawaru.
  8545 | D:9      | Found a white marble altar of Elyvilon.
  8545 | D:9      | Found a burning altar of Makhleb.
  8670 | D:10     | Entered Level 10 of the Dungeon
  8670 | D:10     | Found a runed translucent gate.
  8679 | D:10     | Found a transporter.
  8684 | D:10     | Found a transporter.
  8710 | D:10     | Found a transporter.
  8822 | D:10     | Found a runed translucent gate.
  8822 | D:10     | Found a runed translucent gate.
  8823 | D:10     | Found an opulent altar of Gozag.
  8824 | D:10     | Noticed Caterwaul's ghost (novice DsSh)
  8854 | D:10     | Reached skill level 10 in Invocations
  8903 | D:10     | Found a hazy altar of Hepliaklqana.
  8954 | D:10     | Noticed Urug
  8973 | D:10     | Killed Urug
  9013 | D:10     | Found a transporter.
  9428 | D:11     | Reached skill level 10 in Fighting
  9428 | D:11     | Reached skill level 10 in Armour
 10497 | D:12     | Reached skill level 5 in Shields
 10501 | D:12     | Mangled by a skeletal warrior

Illustrated notes

Levels and vault maps discovered:
D:1:      scummos_arrival_checkerplants, layout_basic
D:2:      layout_loops_ring, serial_shops, shop, uniq_robin,
          uniq_crazy_yiuf_cottage, uniq_terence
D:3:      layout_basic, gammafunk_ghost_necromancy
D:4:      layout_gridville, chequers_garden
D:5:      layout_gridville, ashenzari_conservatory_becter,
          minmay_temple_entry_grid, uniq_blork_the_orc
D:6:      layout_loops_cross, uniq_prince_ribbit1
D:7:      layout_cave_pools, nicolae_uskayaw_suspiria, enter_bailey_2,
          serial_gnoll_camp, gnoll_camp_mini_basic, gnoll_camp_mini_house,
          gnoll_camp_mini_shop, gnoll_camp_huts_basic,
          chequers_serial_rivers_micro_e, uniq_joseph, uniq_pikel
D:8:      layout_loops_ring, david_lair_generic,
          nicolae_ossuary_entry_false_entrances
D:9:      layout_cave_pools, mainiacjoe_overflow_alcove_2,
          gammafunk_temple_overflow_elements, kennysheep_nub,
          hellmonk_guarded_unrand_vines
D:10:     layout_irregular_city, nicolae_hepliaklqana_monster_ancestors,
          ebering_ghost_gozag, nicolae_transporter_circle, uniq_urug
D:11:     layout_loops_ring, special_room [special_room_kobold]
D:12:     layout_basic, orc_0_dummy, serial_shops, shop
Temple:   nicolae_temple_bog_church

Skill      XL: |  1  2  3  4  5  6  7  8  9 10 11 12 13 |
---------------+----------------------------------------+-----
Maces & Flails | 3 4 5 6 7 9 10 11 13 14 | 14.2
Invocations    | 2 4 8 9 10 | 10.0
Fighting       | 4 6 7 8 9 11 | 11.0
Armour         | 4 6 7 8 9 11 | 11.0
Throwing       | 1 4 |  4.6
Evocations     | 3 4 |  4.0
Shields        | 5 |  5.1

Action                     |  1- 3 |  4- 6 |  7- 9 | 10-12 | 13-15 || total
---------------------------+-------+-------+-------+-------+-------++-------
  Melee: Flail             |    77 |   177 |   111 |       |       ||   365
         Dire flail        |       |       |   118 |   395 |   223 ||   736
  Throw: Dart              |     7 |    20 |    44 |    44 |     3 ||   118
         Throwing net      |       |     1 |       |       |       ||     1
         Boomerang         |       |       |       |     6 |    20 ||    26
         Javelin           |       |       |       |       |     4 ||     4
 Invoke: Recite            |       |       |     2 |       |     1 ||     3
         Vitalisation      |       |       |       |     1 |       ||     1
  Evoke: Wand              |       |       |     2 |       |       ||     2
    Use: Potion            |     1 |     1 |     1 |     2 |     1 ||     6
         Scroll            |       |     4 |     4 |     3 |     2 ||    13
   Stab: Held in net/web   |       |     1 |       |       |       ||     1
         Confused          |       |       |     1 |       |       ||     1
 Armour: Scale mail        |    71 |    43 |       |       |       ||   114
         Ring mail         |       |    68 |   154 |     7 |       ||   229
         Chain mail        |       |       |       |   229 |   134 ||   363
  Dodge: Dodged            |    51 |    73 |    93 |   161 |    95 ||   473
  Block: Buckler           |    26 |    30 |    22 |       |       ||    78

Table legend: (Time is in decaauts)
 A = Elapsed time spent in this place.
 B = Non-inter-level travel time spent in this place.
 C = Inter-level travel time spent in this place.
 D = Time resting spent in this place.
 E = Time spent auto-exploring this place.
 F = Levels seen in this place.
 G = Mean time per level.
                   A        B        C        D        E       F      G
               +--------+--------+--------+--------+--------+-----+--------+
         Total |  10295 |   9798 |    497 |     28 |   7465 |  15 |  686.3 |
       Dungeon |   9795 |   9298 |    497 |     21 |   7256 |  12 |  816.2 |
        Temple |     10 |     10 |      0 |      0 |      0 |   1 |   10.0 |
       Ossuary |    170 |    170 |      0 |      0 |    109 |   1 |  170.0 |
        Bailey |    319 |    319 |      0 |      6 |    100 |   1 |  319.0 |
               +--------+--------+--------+--------+--------+-----+--------+

Top non-repeatable levels by time:
     D:3: 1059 daAuts
     D:7: 1049 daAuts
     D:1: 1040 daAuts
     D:8: 945 daAuts
    D:11: 896 daAuts
     D:2: 884 daAuts
     D:6: 836 daAuts
     D:4: 764 daAuts
     D:9: 757 daAuts
     D:5: 715 daAuts
    D:10: 641 daAuts
  Bailey: 319 daAuts
    D:12: 206 daAuts
 Ossuary: 170 daAuts
  Temple: 10 daAuts
